 Dungeon Crawl Stone Soup version 0.25-a0-576-g50b708a4c4 (webtiles) character file.

Game seed: 16721110245887114559, levelgen mode: deterministic

127800 Flugslaktarn the Severer (level 16, -4/152 HPs)
             Began as a Deep Dwarf Fighter on Mar 1, 2020.
             Was the Champion of Makhleb.
             Hit by a javelin thrown by a merfolk javelineer (19 damage)
             ... on level 4 of the Shoals.
             The game lasted 00:12:26 (14911 turns).

Flugslaktarn the Severer (Deep Dwarf Fighter)      Turns: 14911, Time: 00:12:26

Health: -4/152     AC: 36    Str: 26    XL:     16   Next: 17%
Magic:  16/16      EV:  8    Int: 10    God:    Makhleb [******]
Gold:   1074       SH: 14    Dex: 17    Spells: 15/15 levels left

rFire    . . .     SeeInvis .   F - +9 broad axe (venom)
rCold    . . .     Gourm    .   R - +0 kite shield {reflect}
rNeg     + . .     Faith    .   m - +7 chain mail "Muinu Biu" {-Tele rElec Dex+3}
rPois    +         Spirit   .   E - +2 helmet
rElec    +         Reflect  +   i - +0 cloak
rCorr    .         Harm     .   n - +2 pair of gloves
MR       ++...     NoTele   +   b - +2 pair of boots
Stlth    ..........             B - amulet of rage
HPRegen  0.00/turn              p - +4 ring of protection
MPRegen  0.15/turn              (no ring)

@: flying, mesmerised, non-regenerating
A: damage resistance, heal wounds, agile 1, negative energy resistance 1, sense
surroundings 2, poison resistance, evolution 1, no potion heal 1, no
regeneration
}: 1/15 runes: gossamer
a: Heal Wounds, Minor Destruction, Lesser Servant of Makhleb, Major Destruction,
Greater Servant of Makhleb, Renounce Religion, Evoke Berserk Rage


You were on level 4 of the Shoals.
You worshipped Makhleb.
Makhleb was exalted by your worship.
You were not hungry.

You visited 5 branches of the dungeon, and saw 27 of its levels.
You also visited: Bailey.

You collected 1162 gold pieces.
You spent 88 gold pieces at shops.

Inventory:

Hand Weapons
 C - a +0 hand axe of flaming
   (You took it off an orc on level 7 of the Dungeon)
 F - a +9 broad axe of venom (weapon)
   (You acquired it on level 11 of the Dungeon)
 Q - a +1 broad axe of freezing
   (You took it off Donald on level 4 of the Spider Nest)
Missiles
 M - 4 throwing nets (quivered)
Armour
 b - a +2 pair of boots (worn)
   (You found it on level 12 of the Dungeon)
 i - a +0 cloak (worn)
   (You found it on level 5 of the Dungeon)
 m - the +7 chain mail "Muinu Biu" (worn) {-Tele rElec Dex+3}
   (You found it on level 5 of the Dungeon)

   It affects your dexterity (+3).
   It insulates you from electricity.
   It prevents most forms of teleportation.
   If you remove this armour, your AC will decrease by 20 (36 -> 16).
 n - a +2 pair of gloves (worn)
   (You found it on level 3 of the Dungeon)
 E - a +2 helmet (worn)
   (You found it on level 14 of the Dungeon)
 G - a +2 plate armour of magic resistance
   (You took it off an orc warrior on level 6 of the Dungeon)
 I - a +1 hat
   (You took it off Gastronok on level 8 of the Dungeon)
 R - a +0 kite shield of reflection (worn)
   (You took it off Donald on level 4 of the Spider Nest)
Jewellery
 k - an uncursed ring of resist corrosion
   (You took it off a centaur on level 13 of the Dungeon)
 p - a +4 ring of protection (left hand)
   (You found it on level 10 of the Dungeon)
 y - an uncursed ring of fire
   (You found it on level 7 of the Dungeon)
 B - an amulet of rage (around neck)
   (You found it on level 7 of the Dungeon)
 O - the amulet of the Suburbs {Inacc rElec}
   (You found it on level 2 of the Spider Nest)

   [amulet of inaccuracy]

   It reduces the accuracy of all your attacks.
   It insulates you from electricity.
Wands
 a - a wand of clouds (7)
   (You found it on level 11 of the Dungeon)
 l - a wand of iceblast (9)
   (You found it on level 13 of the Dungeon)
 o - a wand of paralysis (26)
   (You found it on level 4 of the Dungeon)
 H - a wand of enslavement (23)
   (You found it on level 8 of the Dungeon)
Scrolls
 g - 3 scrolls of fear
 h - a scroll of fog
 r - 2 scrolls of identify
 s - a scroll of silence
 t - 3 scrolls of teleportation
 w - 10 scrolls of remove curse
 z - 3 scrolls of blinking
 K - 3 scrolls of magic mapping
 L - a scroll of vulnerability
Potions
 d - 2 potions of might
 f - 3 potions of mutation
 j - 4 potions of heal wounds
 q - 3 potions of curing
 u - a potion of brilliance
 v - a potion of haste {unknown}
 x - a potion of flight
 A - 2 potions of lignification
 D - 4 potions of magic
 J - 3 potions of stabbing
 N - a potion of degeneration {unknown}
 P - 2 potions of ambrosia
Comestibles
 c - 12 chunks of flesh
 e - 28 rations


   Skills:
 + Level 12.1 Fighting
 - Level 18.0 Axes
 + Level 14.2 Armour
 + Level 12.3 Shields
 + Level 14.1 Invocations


You had 15 spell levels left.
You didn't know any spells.
Your spell library was empty.

Dungeon Overview and Level Annotations

Branches:
Dungeon (14/15)            Temple (1/1) D:7            Lair (4/6) D:8
 Shoals (4/4) Lair:3       Spider (4/4) Lair:4          Orc (0/2) D:10
 Vaults (0/5) D:14         Bailey (visited)

Altars:
Ashenzari
Cheibriados
Dithmenos
Elyvilon
Gozag
Makhleb
Nemelex Xobeh
Qazlal
Ru
Sif Muna
Trog
Uskayaw
Xom
Yredelemnul
Zin
The Shining One

Shops:
D:5 (   D:6 }   D:10 %[*

Portals:
Abyss: D:4

Annotations:
D:4 2 transporters, Cerrion's ghost, novice GrFi


Innate Abilities, Weirdness & Mutations

You are resistant to damage.
You can heal yourself by infusing magical energy.
You resist negative energy. (rN+)
You passively map the area around you.
You do not regenerate.
You are agile. (Dex +2)
Your system is resistant to poisons. (rPois)
You evolve.
Potions are less effective at restoring your health.


Message History

The silver sears you!
* * * LOW HITPOINT WARNING * * *
You hear a splash.
Shadowy forms rise from the deep at the merfolk avatar's song!
The merfolk avatar chants its luring song.
The shadowy forms in the deep grow still as others approach.
The satyr unwields a +0 spear.
The satyr wields a +0 longbow.
The satyr shoots an arrow.
You reflect the arrow off your +0 kite shield of reflection!
The arrow hits the satyr!!
A satyr comes into view. It is wielding a +0 club.
The merfolk javelineer throws a javelin.
The javelin closely misses you.
The merfolk avatar chants its luring song.
The satyr shouts!
The satyr hits the plant with a +0 club!
The merfolk avatar chants its luring song.
The merfolk javelineer throws a javelin.
The javelin pierces through you!!
You die...

≈≈≈(≈≈≈≈≈.≈≈≈... , ,* ≈
≈≈≈≈)≈≈≈P...P... ,.PP , ≈
≈P≈P≈P≈≈P≈P≈..... #.., . ,
≈≈≈P≈≈PP≈≈P≈.PP.##PP .. ,
≈P≈(..≈≈(≈≈≈.....PP# ... ,
≈≈≈≈≈≈≈(≈≈≈##Pc....#.... ,
≈≈≈P≈≈≈≈≈≈≈PPP.......P.. ≈
PPPPP≈.≈≈≈≈PP...)..(PP.. ≈≈
≈≈≈(P≈≈≈≈≈≈P....@..PPPc. ,
≈ .≈.PP≈P≈≈≈≈(.#≈....P##..,
, ≈
≈≈.≈≈≈≈.PP≈≈)#≈P..≈m.P.. ≈
≈≈.≈.≈(≈≈≈≈≈m.(##.PP....,,
≈≈ ≈≈..≈≈≈≈≈≈≈≈m≈## ...P...
, ≈
≈≈≈≈≈≈≈≈≈≈≈≈≈≈≈≈≈≈≈PPP.. ≈≈
≈≈≈≈≈≈≈≈≈≈≈≈≈≈≈≈≈≈≈P≈≈≈≈≈≈≈
≈ ≈≈≈≈≈≈≈≈≈≈≈≈≈≈≈≈≈≈≈≈≈≈≈≈
≈ ≈≈≈≈≈≈≈≈≈≈≈≈≈≈≈≈≈≈≈≈≈≈≈ ≈


You could see a merfolk avatar, 2 merfolk javelineers and 2 satyrs.

Vanquished Creatures
  Nikola (Spider:1)
  Gastronok (D:8)
  Aizul (Spider:3)
  4 ghost moths (Spider:4)
  5 emperor scorpions
  An entropy weaver (Spider:1)
  2 spark wasps (Spider:4)
  Josephine (Spider:1)
  Harold (Lair:2)
  14 slime creatures
  Fannar (D:10)
  A hydra (D:11)
  3 merfolk avatars
  3 centaur warriors
  A merfolk aquamancer (Shoals:4)
  A death knight (D:14)
  4 two-headed ogres
  An ogre mage (D:14)
  3 death yaks (D:8)
  Nergalle (Lair:4)
  Sonja (Lair:4)
  A sea snake (Shoals:4)
  2 unseen horrors
  A phantasmal warrior (D:14)
  2 cyclopes
  2 deep elf magi (D:13)
  14 orb spiders
  8 fauns
  An ugly thing (D:11)
  20 wolf spiders
  2 moths of wrath (Spider:2)
  3 manticores
  A black mamba (Lair:3)
  3 merfolk sirens
  5 gargoyles
  Psyche (D:10)
  3 centaur skeletons
  4 spiny frogs
  An efreet (D:13)
  A kobold demonologist (D:12)
  2 komodo dragons
  3 freezing wraiths (D:14)
  10 demonic crawlers
  A queen bee (D:9)
  3 merfolk
  A hornet (shapeshifter) (D:14)
  6 trolls
  26 jumping spiders
  A wind drake (Shoals:4)
  3 dream sheep (Shoals:2)
  13 hippogriffs
  A snapping turtle (Shoals:4)
  8 blink frogs
  46 redbacks
  7 wraiths
  Sigmund (D:4)
  23 tarantellas
  A wyvern (D:14)
  3 vampires (D:11)
  17 yaks
  2 humans
  8 water elementals
  A hungry ghost (D:12)
  3 basilisks
  4 hogs (D:7)
  A warg (D:10)
  9 vampire mosquitoes
  A naga (shapeshifter) (D:14)
  Edmund (D:4)
  An acid dragon (D:13)
  5 water moccasins
  4 porcupines
  Duvessa (D:4)
  3 sky beasts
  A black bear (D:5)
  9 orc warriors
  An eye of draining (D:12)
  3 ice beasts
  10 ogres
  3 phantoms
  9 necrophages
  14 centaurs
  15 wolves
  2 crocodiles (Lair:2)
  14 bullfrogs
  6 big kobolds
  A gnoll sergeant (D:5)
  A wyvern zombie (D:14)
  A wyvern skeleton (D:13)
  24 scorpions
  Dowan (D:4)
  A water moccasin skeleton (D:4)
  31 killer bees
  13 wights
  11 howler monkeys
  6 electric eels
  3 bullfrog zombies
  6 crimson imps
  A quasit (D:12)
  7 orc priests
  10 hounds
  6 jellies
  16 worker ants
  5 bullfrog skeletons
  6 iguanas
  A hell rat (D:8)
  12 orc wizards
  A hound zombie (D:11)
  A hound skeleton (D:8)
  A worker ant zombie (D:7)
  5 adders
  16 gnolls
  2 river rats (D:8)
  4 shadow imps
  An ooze (D:6)
  A worm (D:4)
  3 leopard geckos
  45 orcs
  5 bats
  3 giant cockroaches
  2 goblins
  13 hobgoblins
  9 jackals
  3 quokkas
  2 ball pythons
  4 frilled lizards
  2 jackal skeletons
  A jackal zombie (D:6)
  26 kobolds
  A leopard gecko skeleton (D:4)
  A leopard gecko zombie (D:7)
  A quokka skeleton (D:7)
  8 rats
  2 fungi (Lair:3)
  6 plants
765 creatures vanquished.

Vanquished Creatures (collateral kills)
  Donald (Spider:4)
  2 emperor scorpions (Spider:4)
  An orb spider (Spider:4)
  A jumping spider (Spider:4)
  A redback (Spider:4)
6 creatures vanquished.

Vanquished Creatures (others)
  An orb spider (Spider:1)
  2 jumping spiders (Spider:1)
  2 redbacks (Spider:1)
  A tarantella (Spider:1)
  A water elemental (Shoals:4)
  An orc wizard (D:4)
  11 plants (Shoals:4)
19 creatures vanquished.

Grand Total: 790 creatures vanquished

Notes
Turn   | Place    | Note
-------+----------+-------------------------------------------
     0 | D:1      | Flugslaktarn the Deep Dwarf Fighter began the quest for the
                  | Orb.
     0 | D:1      | Reached XP level 1. HP: 20/20 MP: 1/1
   136 | D:1      | Reached XP level 2. HP: 27/27 MP: 2/2
   363 | D:3      | Reached XP level 3. HP: 30/33 MP: 3/3
   364 | D:3      | Found a faded altar of an unknown god.
   377 | D:3      | Reached skill level 3 in Axes
   542 | D:3      | Reached XP level 4. HP: 31/42 MP: 4/4
   601 | D:4      | Reached skill level 4 in Axes
   601 | D:4      | Reached XP level 5. HP: 47/49 MP: 5/5
   834 | D:4      | Noticed Sigmund
   842 | D:4      | Killed Sigmund
   842 | D:4      | Reached skill level 5 in Axes
   842 | D:4      | Reached XP level 6. HP: 38/57 MP: 6/6
   849 | D:4      | Found a one-way gate to the infinite horrors of the Abyss.
   849 | D:4      | Noticed Cerrion's ghost (novice GrFi)
   862 | D:4      | Found a transporter.
   865 | D:4      | Found a transporter.
   884 | D:4      | Noticed Edmund
   923 | D:4      | Killed Edmund
   923 | D:4      | Reached XP level 7. HP: 55/64 MP: 7/7
   944 | D:4      | Reached skill level 5 in Armour
   944 | D:4      | Reached skill level 5 in Shields
  1127 | D:4      | Reached skill level 6 in Axes
  1331 | D:4      | Noticed Duvessa
  1331 | D:4      | Noticed Dowan
  1348 | D:4      | Killed Dowan
  1360 | D:4      | Killed Duvessa
  1438 | D:5      | Entered Level 5 of the Dungeon
  1438 | D:5      | Found Faecsaab's Weapon Emporium.
  1454 | D:5      | Got a brightly glowing chain mail
  1465 | D:5      | Identified the +7 chain mail "Muinu Biu" {-Tele rElec
                  | Dex+3} (You found it on level 5 of the Dungeon)
  1625 | D:5      | Reached XP level 8. HP: 53/73 MP: 7/7
  1686 | D:5      | Reached skill level 7 in Axes
  1823 | D:5      | Reached skill level 5 in Fighting
  2146 | D:6      | Found Namyh's Gadget Shoppe.
  2159 | D:6      | Reached skill level 8 in Axes
  2243 | D:6      | Gained mutation: You passively map the area around you.
                  | [Deep Dwarf growth]
  2243 | D:6      | Reached XP level 9. HP: 54/81 MP: 8/8
  2355 | D:6      | Found a shimmering altar of Xom.
  2470 | D:6      | Found a sparkling altar of Nemelex Xobeh.
  2511 | D:6      | Reached skill level 9 in Axes
  2967 | D:7      | Reached skill level 10 in Axes
  3157 | D:7      | Found a staircase to the Ecumenical Temple.
  3167 | Temple   | Entered the Ecumenical Temple
  3194 | Temple   | Became a worshipper of Makhleb the Destroyer
  3268 | D:8      | Noticed a death yak
  3268 | D:8      | Noticed a death yak
  3272 | D:8      | Noticed a death yak
  3302 | D:8      | Killed a death yak
  3302 | D:8      | Reached skill level 1 in Invocations
  3302 | D:8      | Reached XP level 10. HP: 46/92 MP: 4/6
  3308 | D:8      | Killed a death yak
  3308 | D:8      | Reached skill level 11 in Axes
  3314 | D:8      | Killed a death yak
  3382 | D:8      | Found a flagged portal.
  3402 | D:8      | Found a staircase to the Lair.
  3437 | D:8      | Reached * piety under Makhleb
  3445 | Bailey   | Entered a bailey
  3592 | Bailey   | Reached ** piety under Makhleb
  3739 | D:8      | Found a bloodstained altar of Trog.
  3782 | D:8      | Found a sacrificial altar of Ru.
  3798 | D:8      | Noticed Gastronok
  3822 | D:8      | Killed Gastronok
  3822 | D:8      | Reached skill level 12 in Axes
  3822 | D:8      | Reached skill level 5 in Invocations
  3822 | D:8      | Reached XP level 11. HP: 55/102 MP: 7/7
  3949 | D:8      | Found a white marble altar of Elyvilon.
  4277 | D:8      | Found a stormy altar of Qazlal.
  4439 | D:9      | Reached *** piety under Makhleb
  4952 | D:10     | Entered Level 10 of the Dungeon
  4962 | D:10     | Reached **** piety under Makhleb
  5107 | D:10     | Reached skill level 10 in Armour
  5127 | D:10     | Reached skill level 13 in Axes
  5257 | D:10     | Noticed Psyche
  5292 | D:10     | HP: 3/104 [something (19)]
  5306 | D:10     | Killed Psyche
  5306 | D:10     | Reached ***** piety under Makhleb
  5348 | D:10     | Found a staircase to the Orcish Mines.
  5433 | D:10     | Found Hoaxu's General Store.
  5439 | D:10     | Bought a scroll of fear for 56 gold pieces
  5439 | D:10     | Bought a scroll of identify for 32 gold pieces
  5445 | D:10     | Gained mutation: You are agile. (Dex +2) [potion of
                  | mutation]
  5445 | D:10     | Gained mutation: You evolve. [potion of mutation]
  5445 | D:10     | Gained mutation: Your system is resistant to poisons.
                  | (rPois) [potion of mutation]
  5481 | D:10     | Noticed Fannar
  5498 | D:10     | Killed Fannar
  5577 | D:10     | Found Joj Cymi's Armour Shoppe.
  5789 | D:10     | Found Ementip's Food Boutique.
  5900 | D:11     | Found a stormy altar of Qazlal.
  5917 | D:11     | Identified a scroll of acquirement
  6109 | D:11     | Noticed a red ugly thing
  6117 | D:11     | Killed a red ugly thing
  6118 | D:11     | Reached XP level 12. HP: 112/112 MP: 10/10
  6500 | D:11     | Noticed an eight-headed hydra
  6544 | D:11     | Killed a three-headed hydra
  6970 | D:12     | Reached skill level 14 in Axes
  7454 | D:12     | Found a sacrificial altar of Ru.
  7567 | D:12     | Gained mutation: Potions are less effective at restoring
                  | your health. [evolution]
  7941 | D:13     | Noticed a centaur warrior
  7948 | D:13     | Killed a centaur warrior
  8114 | D:13     | Noticed a two-headed ogre
  8122 | D:13     | Killed a two-headed ogre
  8667 | D:13     | Reached XP level 13. HP: 113/121 MP: 13/13
  8732 | D:13     | Reached ****** piety under Makhleb
  9099 | D:14     | Reached skill level 15 in Axes
  9149 | D:14     | Reached skill level 10 in Invocations
  9611 | D:14     | Reached skill level 10 in Fighting
  9767 | D:14     | Found a gate to the Vaults.
 10008 | D:14     | Found a glowing golden altar of the Shining One.
 10174 | Lair:1   | Entered Level 1 of the Lair of Beasts
 10624 | Lair:2   | Noticed Harold
 10637 | Lair:2   | Killed Harold
 10718 | Lair:2   | Reached skill level 16 in Axes
 11044 | Lair:3   | Gained mutation: You resist negative energy. (rN+) [Deep
                  | Dwarf growth]
 11044 | Lair:3   | Reached XP level 14. HP: 133/133 MP: 15/15
 11096 | Lair:3   | Found a staircase to the Shoals.
 12110 | Lair:4   | Found a hole to the Spider Nest.
 12231 | Lair:4   | Noticed Nergalle
 12242 | Lair:4   | Killed Nergalle
 12255 | Lair:4   | Noticed Sonja
 12264 | Lair:4   | Killed Sonja
 12264 | Lair:4   | Reached skill level 10 in Shields
 12731 | Spider:1 | Entered Level 1 of the Spider Nest
 12745 | Spider:1 | Noticed Nikola
 12746 | Spider:1 | Noticed Josephine
 12766 | Spider:1 | Noticed an entropy weaver
 12777 | Spider:1 | Killed Nikola
 12791 | Spider:1 | Killed Josephine
 12846 | Spider:1 | Killed an entropy weaver
 12948 | Spider:1 | Reached skill level 17 in Axes
 12984 | Spider:1 | You fall into a shaft and drop 1 floor!
 13124 | Spider:2 | Got a sparkling emerald amulet
 13274 | Spider:2 | Reached XP level 15. HP: 141/141 MP: 17/17
 13992 | Spider:3 | Noticed Aizul
 14009 | Spider:3 | Killed Aizul
 14018 | Spider:4 | Entered Level 4 of the Spider Nest
 14037 | Spider:4 | Killed a ghost moth
 14246 | Spider:4 | Noticed Donald
 14263 | Spider:4 | Killed Donald
 14302 | Spider:4 | Reached skill level 18 in Axes
 14348 | Spider:4 | Killed a ghost moth
 14379 | Spider:4 | Killed a ghost moth
 14381 | Spider:4 | Killed a ghost moth
 14402 | Spider:4 | Got a gossamer rune of Zot
 14461 | Spider:4 | Identified the amulet of the Suburbs {Inacc rElec} (You
                  | found it on level 2 of the Spider Nest)
 14607 | Shoals:1 | Entered Level 1 of the Shoals
 14738 | Shoals:3 | Reached XP level 16. HP: 152/152 MP: 16/16
 14748 | Shoals:4 | Entered Level 4 of the Shoals
 14911 | Shoals:4 | Hit by a javelin thrown by a merfolk javelineer

Levels and vault maps discovered:
D:1:      eino_arrival_cavern_b, layout_rooms, minmay_pentomino_x2
D:2:      layout_rooms, first_ration
D:3:      layout_rooms, chequers_ecumenical_altar_simple, corexii_shack
D:4:      minmay_diamond_boxcup, layout_basic, gammafunk_ghost_abyssal_escape,
          uniq_edmund, uniq_sigmund, uniq_duvessa
D:5:      black_bear_nest_1, layout_basic, serial_shops, shop, lightli_minifort
D:6:      layout_rooms, lemuel_coloured_pillars_altar, serial_shops,
          nicolae_shop_stone, basic_altar
D:7:      layout_cave_pools, temple_hall, grunt_livestock
D:8:      layout_loops_ring, nicolae_ru_awakened_eye, kennysheep_mini_moat,
          kennysheep_mini, dpeg_lair_monsters, enter_bailey_6,
          nrook_pool_corridor, elyvilon_altar_3, uniq_gastronok
D:9:      layout_roguey [special_room_bee], minmay_misc_feat_iff, st_stairs_9,
          minivault_5
D:10:     layout_basic, erik_orc_4, serial_shops, nicolae_shop_waterfront, shop,
          shop, minmay_chambers_of_fives, uniq_fannar, uniq_psyche
D:11:     layout_loops_ring, basic_altar, minmay_puff
D:12:     layout_basic, basic_altar, minivault_11
D:13:     minmay_s_stair_smasher, layout_basic
D:14:     layout_basic, david_vaults_2, tso_altar
Temple:   compressed_dpeg_circular_temple
Lair:1:   dragon1_lemuel, layout_hall_layers, basic_altar
Lair:2:   layout_regular_city, roderic_carrion_pond, uniq_harold
Lair:3:   layout_cave_pods, elwin_shoals_entry_rocks
Lair:4:   layout_cave_pods, spider_nest_entry_funnel_web, serial_bayou_shore_b,
          uniq_nergalle, uniq_sonja
Shoals:1: layout_shoals, portal_ice_cave_entry_frozen_things
Shoals:2: layout_shoals
Shoals:3: layout_shoals
Shoals:4: shoals_end_grunt_garden, layout_shoals
Spider:1: spiders_nest_a, uniq_josephine, uniq_nikola
Spider:2: layout_chambers, drop_trap
Spider:3: layout_spider_delve, gammafunk_ghost_tricky_traps, special_room,
          uniq_aizul
Spider:4: grunt_spider_rune_circles, nicolae_spider_nook, uniq_donald

Skill      XL: |  1  2  3  4  5  6  7  8  9 10 11 12 13 14 15 16 |
---------------+-------------------------------------------------+-----
Axes           | 3 4 5 6 8 10 12 13 14 16 17 18 | 18.0
Fighting       | 3 4 5 6 7 8 9 10 11 12 | 12.1
Armour         | 4 5 6 8 9 10 11 12 13 14 | 14.2
Shields        | 4 5 6 8 9 10 12 | 12.3
Invocations    | 1 5 7 9 11 12 13 14 | 14.1

Action                   |  1- 3 |  4- 6 |  7- 9 | 10-12 | 13-15 | 16-18 || total
-------------------------+-------+-------+-------+-------+-------+-------++-------
Melee: War axe           |   106 |    93 |   243 |       |       |       ||   442
       Battleaxe         |       |       |   110 |   444 |       |       ||   554
       Broad axe         |       |       |       |   294 |   990 |    85 ||  1369
       Hand axe          |       |       |       |    21 |       |       ||    21
Invok: Greater Servant o |       |       |       |       |     4 |       ||     4
 Abil: Heal Wounds       |       |     3 |    14 |    18 |     5 |       ||    40
       Evoke Berserk Rag |       |       |       |     1 |       |       ||     1
  Use: Potion            |       |       |     1 |     2 |     6 |     1 ||    10
       Scroll            |       |       |       |    27 |     9 |       ||    36
 Stab: Distracted        |       |       |       |     1 |     4 |       ||     5
       Held in net/web   |       |       |       |       |     1 |       ||     1
  Eat: Chunk             |       |       |     9 |    20 |    19 |       ||    48
       Ration            |       |       |       |       |     1 |       ||     1
Armor: Scale mail        |    10 |       |       |       |       |       ||    10
       Plate armour      |    84 |    75 |    64 |       |       |       ||   223
       Chain mail        |       |       |   200 |   584 |   801 |    61 ||  1646
Dodge: Dodged            |    23 |    21 |    94 |   375 |   252 |    30 ||   795
Block: Kite shield       |    71 |    61 |   138 |   175 |   652 |    53 ||  1150
       Reflection        |       |       |       |       |     5 |     3 ||     8

Table legend:
 A = Non-vault XP
 B = Vault XP
 C = Vault XP percentage of total XP
 D = Non-vault monster count
 E = Vault monster count
 F = Vault count percentage of total count
                 A         B        C        D         E       F
            +---------+---------+-------+---------+---------+-------
      Total |   97091 |   66909 |  40.8 |     524 |     240 |  31.4
            +---------+---------+-------+---------+---------+-------
        D:1 |      11 |       4 |  26.7 |       7 |       2 |  22.2
        D:2 |      21 |       0 |   0.0 |       5 |       0 |   0.0
        D:3 |      83 |       0 |   0.0 |      15 |       0 |   0.0
        D:4 |     460 |     760 |  62.3 |      14 |       9 |  39.1
        D:5 |     729 |     261 |  26.4 |      27 |       5 |  15.6
        D:6 |    1177 |       0 |   0.0 |      19 |       0 |   0.0
        D:7 |     956 |     960 |  50.1 |      22 |       5 |  18.5
        D:8 |    1278 |    5022 |  79.7 |      23 |      12 |  34.3
        D:9 |    1091 |    2191 |  66.8 |      20 |      27 |  57.4
       D:10 |    2248 |    2670 |  54.3 |      33 |      23 |  41.1
       D:11 |    3614 |    1436 |  28.4 |      27 |       2 |   6.9
       D:12 |    6089 |       0 |   0.0 |      33 |       0 |   0.0
       D:13 |    5864 |    4034 |  40.8 |      39 |      15 |  27.8
       D:14 |   13772 |    2691 |  16.3 |      53 |       3 |   5.4
     Lair:1 |     941 |       0 |   0.0 |       5 |       0 |   0.0
     Lair:2 |    3794 |    1897 |  33.3 |      18 |       8 |  30.8
     Lair:3 |    5961 |       0 |   0.0 |      28 |       0 |   0.0
     Lair:4 |    1091 |    2854 |  72.3 |       7 |       6 |  46.2
   Shoals:1 |    1258 |       0 |   0.0 |       2 |       0 |   0.0
   Shoals:2 |    1325 |       0 |   0.0 |       4 |       0 |   0.0
   Shoals:3 |    3748 |       0 |   0.0 |       7 |       0 |   0.0
   Shoals:4 |    3989 |    4946 |  55.4 |      11 |      11 |  50.0
   Spider:1 |    9476 |   12501 |  56.9 |      30 |      40 |  57.1
   Spider:2 |   14351 |       0 |   0.0 |      41 |       0 |   0.0
   Spider:3 |    6792 |    1713 |  20.1 |      23 |       1 |   4.2
   Spider:4 |    6972 |   22624 |  76.4 |      11 |      37 |  77.1
     Bailey |       0 |     345 | 100.0 |       0 |      34 | 100.0
            +---------+---------+-------+---------+---------+-------
